 Dungeon Sprint DCSS version 0.31.0-9-g3a7656b989 (webtiles) character file.

Game seed: 891796845148012378

1621 Heoruswealwe the Impaler (level 8, -5/83 HPs)
             Began as a Minotaur Fighter on Jan 31, 2024.
             Was an Initiate of Gozag.
             Killed from afar by an efreet (6 damage)
             ... with a bolt of fire
             ... while petrified by a catoblepas
             ... in the Dungeon (Sprint IX: "|||||||||||||||||||||||||||||").
             The game lasted 00:03:36 (347 turns).

Heoruswealwe the Impaler (Minotaur Fighter)          Turns: 347, Time: 00:03:36

Health: -5/83      AC: 10    Str: 23    XL:     8   Next: 64%
Magic:  7/7        EV:  2    Int:  5    God:    Gozag
Gold:   738        SH:  0    Dex: 10    Spells: 7/7 levels left

rFire   . . .        b - +2 halberd (venom)
rCold   . . .        (shield currently unavailable)
rNeg    + + +        c - +0 scale mail
rPois   ∞            (helmet restricted)
rElec   .            (no cloak)
rCorr   .            f - +0 pair of gloves
SInv    .            (no boots)
Will    .....        (no amulet) Stlth
                     k - +2 ring of evasion
HPRegen 0.33/turn    (no ring)
MPRegen 0.10/turn

%: no teleportation
@: petrified, gold aura
A: horns 2, retaliatory headbutt
a: Renounce Religion, Potion Petition, Call Merchant, Bribe Branch


You were in the Dungeon.
You worshipped Gozag.
Gozag was pleased with you.
You visited 1 branch You collected 738 gold pieces.

Inventory:

Hand Weapons
 a - a +0 trident
 b - a +2 halberd of venom (weapon)
Armour
 c - a +0 scale mail (worn)
 d - a +0 buckler
 f - a +0 pair of gloves (worn)
Jewellery
 k - a +2 ring of evasion (left hand)
Wands
 h - a wand of roots (10)
Scrolls
 j - 2 scrolls of blinking
Potions
 e - 5 potions of curing
 g - a potion of haste
 i - a potion of berserk rage
 l - 2 potions of heal wounds
 m - a potion of might


   Skills:
 + Level 12.2 Fighting
 * Level 16.2 Polearms
 + Level 12.2 Armour
 - Level 3.6 Shields


You had 7 spell levels left.
You didn't know any spells.
Your spell library was empty.

Dungeon Overview and Level Annotations

Branches:
Dungeon (1/1)

Altars:
Cheibriados
Dithmenos
Elyvilon
Fedhas
Gozag
Hepliaklqana
Kikubaaqudgha
Makhleb
Nemelex Xobeh
Okawaru
Qazlal
Ru
Sif Muna
Trog
Uskayaw
Vehumet
Wu Jian
Xom
Yredelemnul
Zin
The Shining One
Jiyva
Lugonu


Innate Abilities, Weirdness & Mutations

You have a pair of horns on your head.
You reflexively headbutt those who attack you in melee.


Message History

The catoblepas breathes a plume of calcifying dust at you.
The blast of calcifying dust hits you.
* * * LOW HITPOINT WARNING * * *
You hit the catoblepas but do no damage.
You headbutt the catoblepas.
The catoblepas is severely wounded.
You are engulfed in calcifying dust.
The efreet is no longer distracted by gold.
The catoblepas breathes a plume of calcifying dust at you.
The blast of calcifying dust hits you but does no damage.
Your limbs are stiffening.
You barely miss the catoblepas.
The catoblepas is severely wounded.
You are engulfed in calcifying dust.
Your limbs have turned to stone.
The catoblepas gores you!
* * * LOW HITPOINT WARNING * * *
You have turned to stone.
You are engulfed in calcifying dust.
The catoblepas gores you!!
* * * LOW HITPOINT WARNING * * *
The cyclops is engulfed in blazing flames.
The catoblepas gores you!
* * * LOW HITPOINT WARNING * * *
The cyclops is engulfed in blazing flames.
The catoblepas gores you but does no damage.
The catoblepas gores you but does no damage.
The catoblepas gores you!
* * * LOW HITPOINT WARNING * * *
The catoblepas gores you but does no damage.
You kill the catoblepas!
Your Fighting skill increases to level 12!
Your Polearms skill gained 2 levels and is now at level 16!
Your Armour skill increases to level 12!
The efreet hits you with a +1 scimitar of flaming.
* * * LOW HITPOINT WARNING * * *
The efreet burns you.
* * * LOW HITPOINT WARNING * * *
The efreet gestures at you. The bolt of fire hits you!
You die...
Your body crumbles into a pile of gold.

▓+▓
▓.▓
▓.▓
▓{▓
▓y▓
▓C▓
▓.▓
▓R▓
▓@▓
▓.▓
▓.▓
▓.▓
▓.▓
▓)▓
▓'▓
▓.▓
▓.▓


You could see a cyclops, an efreet and a vampire mosquito.

Vanquished Creatures
  A catoblepas (D)
  A slime creature (D)
  A shadow (D)
  2 yaks (D)
  An acid dragon (D)
  A black bear (D)
  A centaur (D)
  A scorpion (D)
  A hound (D)
  An orc wizard (D)
  An adder (D)
  A dart slug (D)
  A hobgoblin (D)
  A jackal (D)
  A kobold (D)
  A bat (D)
  A frilled lizard (D)
18 creatures vanquished.

Notes
Turn   | Place    | Note
-------+----------+-------------------------------------------
     0 | D        | Heoruswealwe the Minotaur Fighter began the quest for the
                  | Orb.
     0 | D        | Reached XP level 1. HP: 19/19 MP: 0/0
     5 | D        | Reached skill level 3 in Polearms
    21 | D        | Reached skill level 4 in Polearms
    26 | D        | Noticed a scorpion
    26 | D        | Noticed a black bear
    26 | D        | Noticed a hound
    31 | D        | Reached XP level 2. HP: 28/28 MP: 1/1
    36 | D        | Reached skill level 5 in Fighting
    36 | D        | Reached skill level 6 in Polearms
    36 | D        | Reached skill level 5 in Armour
    36 | D        | Reached XP level 3. HP: 27/36 MP: 2/2
    41 | D        | Killed a black bear
    42 | D        | Reached skill level 8 in Polearms
    42 | D        | Reached XP level 4. HP: 21/45 MP: 3/3
    44 | D        | Killed a scorpion
    45 | D        | Reached skill level 9 in Polearms
    45 | D        | Reached XP level 5. HP: 16/53 MP: 4/4
    55 | D        | Found a snail-covered altar of Cheibriados.
    55 | D        | Found a shadowy altar of Dithmenos.
    55 | D        | Found a white marble altar of Elyvilon.
    55 | D        | Found a blossoming altar of Fedhas.
    55 | D        | Found an opulent altar of Gozag.
    56 | D        | Found a hazy altar of Hepliaklqana.
    57 | D        | Found a viscous altar of Jiyva.
    58 | D        | Found an ancient bone altar of Kikubaaqudgha.
    59 | D        | Found a corrupted altar of Lugonu.
    60 | D        | Found a burning altar of Makhleb.
    61 | D        | Found a sparkling altar of Nemelex Xobeh.
    62 | D        | Found an iron altar of Okawaru.
    63 | D        | Became a worshipper of Gozag Ym Sagoz the Greedy
    64 | D        | Found a stormy altar of Qazlal.
    65 | D        | Found a sacrificial altar of Ru.
    66 | D        | Found a shimmering blue altar of Sif Muna.
    67 | D        | Found a bloodstained altar of Trog.
    68 | D        | Found a hide-covered altar of Uskayaw.
    69 | D        | Found a radiant altar of Vehumet.
    70 | D        | Found an ornate altar of the Wu Jian Council.
    71 | D        | Found a shimmering altar of Xom.
    72 | D        | Found a basalt altar of Yredelemnul.
    73 | D        | Found a glowing silver altar of Zin.
    74 | D        | Found a glowing golden altar of the Shining One.
   177 | D        | Noticed an acid dragon
   177 | D        | Noticed a yak
   177 | D        | Noticed a shadow
   177 | D        | Noticed a yak
   177 | D        | Noticed a centaur
   181 | D        | Killed a centaur
   182 | D        | Reached skill level 10 in Polearms
   182 | D        | Reached XP level 6. HP: 45/62 MP: 5/5
   187 | D        | Killed a yak
   188 | D        | Reached skill level 12 in Polearms
   196 | D        | Killed a shadow
   197 | D        | Reached skill level 10 in Fighting
   197 | D        | Reached skill level 13 in Polearms
   197 | D        | Reached skill level 10 in Armour
   197 | D        | Reached XP level 7. HP: 48/72 MP: 6/6
   202 | D        | Killed a yak
   207 | D        | Reached skill level 14 in Polearms
   322 | D        | Noticed a shadow
   322 | D        | Noticed a cyclops
   322 | D        | Noticed a catoblepas
   322 | D        | Noticed a vampire mosquito
   322 | D        | Noticed an efreet
   322 | D        | Noticed a slime creature
   326 | D        | Killed a slime creature
   327 | D        | Reached XP level 8. HP: 68/82 MP: 7/7
   343 | D        | HP: 2/82 [catoblepas (4)]
   345 | D        | Killed a catoblepas
   346 | D        | Reached skill level 16 in Polearms
   347 | D        | Killed from afar by an efreet

Illustrated notes

Levels and vault maps discovered:
D:        linesprint [early_d, line_temple, items_1, d_10, items_2, lair_1,
          lair_end, items_3, orc_1, orc_end, items_4, d_15, swamp_1, shoals_1,
          snake_1, spider_1, d_20, vaults_1, items_5, swamp_end, shoals_end,
          snake_end, spider_end, vaults_end, d_27, items_6, zot_1, zot_end,
          crypt_end, forest_end, elf_end, slime_end, tomb_end, abyss_end,
          pan_hell_end]

Skill      XL: |  1  2  3  4  5  6  7  8 |
---------------+-------------------------+-----
Fighting       | 4 5 6 7 8 10 11 12 | 12.2
Polearms       | 4 6 8 9 10 13 14 16 | 16.2
Armour         | 4 5 6 7 8 10 11 12 | 12.2
Shields        | |  3.6

Action                     |  1- 3 |  4- 6 |  7- 9 || total
---------------------------+-------+-------+-------++-------
  Melee: Trident           |    31 |     7 |       ||    38
         Headbutt          |     2 |     6 |     3 ||    11
         Halberd           |       |    17 |    28 ||    45
    Use: Potion            |       |     1 |       ||     1
 Armour: Scale mail        |    23 |    16 |    23 ||    62
  Dodge: Dodged            |    14 |     8 |     7 ||    29
  Block: Buckler           |     5 |     3 |       ||     8
